 Dungeon Crawl Stone Soup version 0.31-a0-1308-ga3cce3a448 (webtiles) character file.

Game seed: 9631349980141790595

46 grandjackal the Slasher (level 3, -5/31 HPs)
             Began as a Draconian Gladiator on Dec 19, 2023.
             Slain by Crazy Yiuf
             ... wielding a +3 quarterstaff of chaos
              (11 damage)
             ... on level 2 of the Dungeon.
             The game lasted 00:01:14 (1068 turns).

grandjackal the Slasher (Draconian Gladiator)       Turns: 1068, Time: 00:01:15

Health: -5/31      AC:  6    Str: 16    XL:     3   Next: 46%
Magic:  3/3        EV: 14    Int:  8    God:
Gold:   101        SH:  0    Dex: 23    Spells: 2/2 levels left

rFire   + . .        p - +0 dagger of Courage {freeze, rF+ Dex+9}
rCold   . . .        (no shield)
rNeg    . . .        (body armour unavailable)
rPois   .            b - +0 hat
rElec   .            (no cloak)
rCorr   .            (no gloves)
SInv    .            g - +0 pair of boots
Will    .....        (no amulet)
Stlth   ++           (no ring)
HPRegen 0.25/turn    (no ring)
MPRegen 0.08/turn

%: no passive effects
@: weak-willed, slowed, very slow
A: AC +5, unfitting armour, cold-blooded
a: no special abilities


You were on level 2 of the Dungeon.
You visited 1 branch of the dungeon, and saw 2 of its levels.

You collected 101 gold pieces.

Inventory:

Hand Weapons
 a - a +0 long sword
 p - the +0 dagger of Courage (weapon) {freeze, rF+ Dex+9}
   (You found it on level 2 of the Dungeon)

   Dex+9:     It affects your dexterity (+9).
   rF+:       It protects you from fire.
Missiles
 c - 2 throwing nets (quivered)
 d - a javelin
Armour
 b - a +0 hat (worn)
 g - a +0 pair of boots (worn)
Scrolls
 i - a scroll of revelation {unknown}
 m - a scroll of vulnerability {unknown}
 n - a scroll of acquirement {unknown}
 q - a scroll of amnesia {unknown}
Potions
 e - a potion of degeneration {unknown}
 f - 2 potions of magic {unknown}
 h - a potion of haste {unknown}
 j - a potion of curing {unknown}
 k - 2 potions of enlightenment {unknown}
 l - a potion of attraction {unknown}
 o - a potion of heal wounds {unknown}


   Skills:
 + Level 3.0 Fighting
 + Level 3.5 Long Blades
 - Level 2.0 Throwing
 + Level 3.1 Dodging


You had 2 spell levels left.
You didn't know any spells.
Your spell library was empty.

Dungeon Overview and Level Annotations

Branches:
Dungeon (2/15)

Altars:

Annotations:
D:2 Crazy Yiuf


Innate Abilities, Weirdness & Mutations

Your plain brown scales are hard. (AC +5)
You cannot fit into any form of body armour.
You are cold-blooded and may be slowed by cold attacks.


Message History

You kill the rat!
No target in view!
No target in view!
Found a stone staircase leading up.
You now have 101 gold pieces (gained 17).
You see here the +0 dagger of Courage {freeze, rF+ Dex+9}.
p - the +0 dagger of Courage {freeze, rF+ Dex+9} You feel agile.
The +0 dagger of Courage {freeze, rF+ Dex+9} glows with a cold blue light!
p - the +0 dagger of Courage (weapon)
{freeze, rF+ Dex+9} A ball python comes into view.
Found a scroll labelled FUTTUK LAR OTI.
Found a stone staircase leading up.
A ball python is nearby!
A ball python is nearby!
The helpless ball python fails to defend itself.
You puncture the ball python! You freeze the ball python.
You kill the ball python!
No target in view!
q - a scroll labelled FUTTUK LAR OTI
Found a hammer.
Found a runed translucent door.
You open the door.
Crazy Yiuf shouts!
There is an open translucent door here.
Crazy Yiuf says, "Crazy?
Crazy!?
PORCUPINE!"
Crazy Yiuf hits you with a +3 quarterstaff of chaos!
Your willpower is stripped away!
You hit Crazy Yiuf but do no damage.
Crazy Yiuf hits you with a +3 quarterstaff of chaos!
Crazy Yiuf burns you.
You hit Crazy Yiuf but do no damage.
Crazy Yiuf hits you with a +3 quarterstaff of chaos!
* * * LOW HITPOINT WARNING * * *
You feel yourself slow down.
Throw: 3 throwing nets
Press: ? - help, Q - select action, (/) - cycle Shift-Dir - straight line, f - Crazy Yiuf
Aim: Crazy Yiuf, wielding a +3 quarterstaff of chaos and wearing a +0 cloak (66% to hit)
You throw a throwing net.
The throwing net closely misses Crazy Yiuf.
Crazy Yiuf hits you with a +3 quarterstaff of chaos!
You die...

#...#.......).........
###...........###[....
#...##.....#.).#.)#.#
##############...........
#########..# #.####......
...........# #####
#........... .......###.#
#)(.# #.####......
.......# #.# #.g.#
#)##........ ###.#### #.#
#.@.# #....#......
###.######.# ##'##
#.###......< #..........#
#.## #.....####.#
#..........# ##.# #..####
#.# #..........# #.##
#.## #.# #..........#
##.# #.# ##.#
#........<.# ##.## #.#
#... #..........# ##.P.#
#.# #... #..........#
#.P.P# #.#######.##


You could see Crazy Yiuf.

Vanquished Creatures
  An adder (D:2)
  A dart slug (D:2)
  6 ball pythons
  2 bats
  An endoplasm (D:1)
  A giant cockroach (D:1)
  9 goblins
  A hobgoblin (D:2)
  4 kobolds
  2 quokkas
  2 frilled lizards
  2 rats (D:2)
32 creatures vanquished.

Notes
Turn   | Place    | Note
-------+----------+-------------------------------------------
     0 | D:1      | grandjackal the Draconian Gladiator began the quest for the
                  | Orb.
     0 | D:1      | Reached XP level 1. HP: 17/17 MP: 1/1
   146 | D:1      | Reached XP level 2. HP: 25/25 MP: 2/2
   789 | D:2      | Reached XP level 3. HP: 28/30 MP: 3/3
  1013 | D:2      | Identified the +0 dagger of Courage {freeze, rF+ Dex+9}
  1059 | D:2      | Found a runed translucent door.
  1060 | D:2      | Noticed Crazy Yiuf
  1068 | D:2      | Slain by Crazy Yiuf

Illustrated notes

Levels and vault maps discovered:
D:1:      spicycebolla_green_bress_n_ham_2, layout_rooms
D:2:      layout_rooms, uniq_crazy_yiuf_cottage

Skill      XL: |  1  2  3 |
---------------+----------+-----
Throwing       | 2 |  2.0
Dodging        | 3 |  3.1
Fighting       | 3 |  3.0
Long Blades    | |  3.5

Action                     || total
---------------------------++-------
  Melee: Long sword        ||   108
         Tailslap          ||     7
         Dagger            ||     3
         Punch             ||     1
  Throw: Throwing net      ||     1
   Stab: Sleeping          ||     1
 Armour: Skin              ||    71
  Dodge: Dodged            ||    72

Table legend: (Time is in decaauts)
 A = Elapsed time spent in this place.
 B = Non-inter-level travel time spent in this place.
 C = Inter-level travel time spent in this place.
 D = Time resting spent in this place.
 E = Time spent auto-exploring this place.
 F = Levels seen in this place.
 G = Mean time per level.
                   A        B        C        D        E       F      G
               +--------+--------+--------+--------+--------+-----+--------+
         Total |   1094 |   1076 |     18 |     43 |    759 |   2 |  547.0 |
       Dungeon |   1094 |   1076 |     18 |     43 |    759 |   2 |  547.0 |
               +--------+--------+--------+--------+--------+-----+--------+

Top non-repeatable levels by time:
     D:1: 568 daAuts
     D:2: 525 daAuts
